 Dungeon Crawl Stone Soup version 0.30-a0-576-g89cddaab80 (webtiles) character file.

Game seed: 15608815917283364864

368 Crownlay the Caller (level 6, -10/39 (44) HPs)
             Began as a Gnoll Wanderer on Dec 30, 2022.
             Mangled by a wight
             ... wielding a +3 scimitar of freezing
              (11 damage)
             ... on level 4 of the Dungeon.
             The game lasted 00:11:08 (3045 turns).

Crownlay the Caller (Gnoll Wanderer)                Turns: 3045, Time: 00:11:09

HP:   -10/39 (44)   AC:  4    Str:  8    XL:     6   Next: 69%
MP:   8/11          EV: 12    Int: 13    God:
Gold: 119           SH:  0    Dex: 15    Spells: 8/12 levels left

rFire   . . .      SeeInvis .    l - +1 mace (holy)
rCold   . . .      Faith    +    (no shield)
rNeg    . . .      Spirit   .    d - +0 robe
rPois   .          Reflect  .    (no helmet)
rElec   .          Harm     .    e - +0 cloak
rCorr   .          Rampage  .    g - +0 pair of gloves
Will    .....                    (no boots)
Stlth   ++                       o - amulet of faith
HPRegen 0.26/turn                (no ring)
MPRegen 0.12/turn                (no ring)

@: heavily drained
A: fangs 1, strong nose, distributed training
a: no special abilities


You were on level 4 of the Dungeon.
You visited 1 branch of the dungeon, and saw 4 of its levels.

You collected 119 gold pieces.

Inventory:

Hand Weapons
 a - a +0 sling
 l - a +1 mace of holy wrath (weapon)
Armour
 d - a +0 robe (worn)
 e - a +0 cloak (worn)
 g - a +0 pair of gloves (worn)
Jewellery
 o - an amulet of faith (around neck)
 r - a ring of magical power
Wands
 b - a wand of flame (5)
Scrolls
 h - a scroll of magic mapping {unknown}
 i - a scroll of enchant armour {unknown}
 k - a scroll of teleportation {unknown}
 m - a scroll of poison {unknown}
 s - 2 scrolls of identify {unknown}
Potions
 c - 6 potions of curing
 f - a potion of brilliance {unknown}
 j - a potion of berserk rage {unknown}
 n - 2 potions of haste {unknown}
 p - 2 potions of lignification {unknown}
 q - a potion of degeneration {unknown}
 t - a potion of attraction {unknown}


   Skills:
 + Level 2.1 Fighting
 + Level 2.1 Short Blades
 + Level 2.1 Long Blades
 + Level 2.1 Axes
 + Level 2.1 Maces & Flails
 + Level 2.1 Polearms
 + Level 2.1 Staves
 + Level 5.1 Ranged Weapons
 + Level 3.4 Throwing
 + Level 2.1 Armour
 + Level 2.1 Dodging
 + Level 2.1 Stealth
 + Level 2.1 Shields
 + Level 2.1 Unarmed Combat
 + Level 3.5 Spellcasting
 + Level 1.7 Conjurations
 + Level 1.7 Hexes
 + Level 7.3 Summonings
 + Level 1.7 Necromancy
 + Level 1.7 Translocations
 + Level 1.7 Transmutations
 + Level 1.7 Fire Magic
 + Level 1.7 Ice Magic
 + Level 1.7 Air Magic
 + Level 1.7 Earth Magic
 + Level 1.7 Poison Magic
 + Level 2.4 Invocations
 + Level 5.1 Evocations


You had 8 spell levels left.
You knew the following spells:

 Your Spells              Type           Power      Damage    Failure   Level
a - Summon Small Mammal   Summ           84%        N/A       1%          1
b - Summon Guardian Gole  Hex/Summ       14%        N/A       10%         3

Your spell library contained the following spells:

 Spells                   Type           Power      Damage    Failure   Level
 Inner Flame              Hex/Fire       6%         N/A       32%         3
 Stone Arrow              Conj/Erth      12%        3d7       32%         3
 Animate Armour           Summ/Erth      28%        N/A       32%         4
 Summon Ice Beast         Ice/Summ       14%        N/A       32%         4
 Cause Fear               Hex            3%         N/A       71%         4
 Discord                  Hex            3%         N/A       100%        8
 Lehudib's Crystal Spear  Conj/Erth      3%         10d2      100%        8


Dungeon Overview and Level Annotations

Branches:
Dungeon (4/15)
 Temple: D:4-7

Altars:
Makhleb
Trog


Innate Abilities, Weirdness & Mutations

You have very sharp teeth.
Your uncanny sense of smell can sniff out nearby items.
Your experience applies equally to all skills.


Message History

2 wights come into view.
The wight closely misses your quokka.
Your quokka bites the wight but does no damage.
Your quokka bites the wight but does no damage.
Your quokka bites the wight.
Your quokka bites the wight but does no damage.
Your quokka closely misses the wight.
Your quokka barely misses the wight.
Your quokka misses the wight.
Casting: Summon Small Mammal (safe; 1% risk of failure)
Confirm with . or Enter, or press ? or * to list all spells.
A guardian golem appears, shielding your allies.
Your quokka bites the wight but does no damage.
Your quokka bites the wight but does no damage.
You see here a hobgoblin skeleton.
There are monsters nearby!
You completely miss the wight.
The wight is lightly damaged.
Your quokka bites the wight but does no damage.
The wight hits you with a +3 scimitar of freezing!
You feel drained. The wight freezes you.
The wight hits your quokka with a +5 flail!!
Your quokka dies!
Your quokka's corpse disappears in a puff of smoke!
You hit the wight but do no damage.
The wight is lightly damaged.
Your quokka bites the wight but does no damage.
The wight hits you with a +3 scimitar of freezing!
You feel drained. The wight freezes you. The wight closely misses your quokka.
Your quokka bites the wight but does no damage.
The wight completely misses your quokka.
The wight hits you with a +3 scimitar of freezing!
* * * LOW HITPOINT WARNING * * *
The wight freezes you.
* * * LOW HITPOINT WARNING * * *
The wight hits your quokka with a +0 halberd.
Your quokka bites the wight.
The wight closely misses your quokka. The wight barely misses your quokka.
There is a stone staircase leading up here.
The wight hits you with a +3 scimitar of freezing!
You die...

#......#####
#......#....
##.#.##.......#
.......9#...###
#....#zz#...#
#### ##..#..$.
#r.# ##..
..##.##z### .
.......@..#
..###.###.# #.
.# . . .. .. ..
.. ... .#.∆ ∆


You could see 3 wights, a friendly guardian golem (summoned) and a friendly
quokka (summoned, sheltered).

Vanquished Creatures
  A wight (D:3)
  Natasha (D:3)
  3 adders (D:3)
  An ufetubus (D:3)
  A worm (D:2)
  2 dart slugs
  2 orcs (D:3)
  9 bats
  4 endoplasms
  A giant cockroach (D:3)
  4 goblins
  7 hobgoblins
  7 jackals
  3 quokkas
  9 ball pythons
  A frilled lizard (D:1)
  4 kobolds
  8 rats
68 creatures vanquished.

Vanquished Creatures (collateral kills)
  2 jackals (D:3)
  2 frilled lizards
4 creatures vanquished.

Vanquished Creatures (others)
  Sigmund (D:2)
  Crazy Yiuf (D:2)
2 creatures vanquished.

Grand Total: 74 creatures vanquished

Notes
Turn   | Place    | Note
-------+----------+-------------------------------------------
     0 | D:1      | Crownlay the Gnoll Wanderer began the quest for the Orb.
     0 | D:1      | Crownlay set off with the following items: a +0 sling, a
                  | wand of flame (5), a potion of curing, a +0 robe; and the
                  | following spell memorised: Summon Small Mammal; and the
                  | following spells available to memorise: Summon Guardian
                  | Golem, Summon Ice Beast.
     0 | D:1      | Reached XP level 1. HP: 13/13 MP: 4/4
   199 | D:1      | Reached XP level 2. HP: 19/19 MP: 5/5
   565 | D:1      | Reached XP level 3. HP: 18/25 MP: 7/7
   763 | D:2      | Noticed Natasha
   894 | D:2      | Reached skill level 1 in Invocations
  1200 | D:2      | Reached skill level 1 in Fighting
  1200 | D:2      | Reached skill level 1 in Short Blades
  1200 | D:2      | Reached skill level 1 in Long Blades
  1200 | D:2      | Reached skill level 1 in Axes
  1200 | D:2      | Reached skill level 1 in Maces & Flails
  1200 | D:2      | Reached skill level 1 in Polearms
  1200 | D:2      | Reached skill level 1 in Staves
  1200 | D:2      | Reached skill level 1 in Armour
  1200 | D:2      | Reached skill level 1 in Dodging
  1200 | D:2      | Reached skill level 1 in Stealth
  1200 | D:2      | Reached skill level 1 in Shields
  1200 | D:2      | Reached skill level 1 in Unarmed Combat
  1246 | D:2      | Found a runed translucent door.
  1252 | D:2      | Learned a level 3 spell: Summon Guardian Golem
  1252 | D:2      | Noticed Crazy Yiuf
  1262 | D:2      | Killed Crazy Yiuf
  1263 | D:2      | Reached XP level 4. HP: 32/32 MP: 4/8
  1523 | D:2      | Reached skill level 1 in Conjurations
  1523 | D:2      | Reached skill level 1 in Hexes
  1523 | D:2      | Reached skill level 1 in Necromancy
  1523 | D:2      | Reached skill level 1 in Translocations
  1523 | D:2      | Reached skill level 1 in Transmutations
  1523 | D:2      | Reached skill level 1 in Fire Magic
  1523 | D:2      | Reached skill level 1 in Ice Magic
  1523 | D:2      | Reached skill level 1 in Air Magic
  1523 | D:2      | Reached skill level 1 in Earth Magic
  1523 | D:2      | Reached skill level 1 in Poison Magic
  1647 | D:2      | Noticed Sigmund
  1666 | D:2      | Killed Sigmund
  1667 | D:2      | Reached XP level 5. HP: 38/38 MP: 7/10
  1667 | D:2      | Reached XP level 6. HP: 44/44 MP: 7/11
  1935 | D:3      | Found a burning altar of Makhleb.
  1935 | D:3      | Found a bloodstained altar of Trog.
  2208 | D:3      | Reached skill level 5 in Ranged Weapons
  2208 | D:3      | Reached skill level 5 in Evocations
  2745 | D:3      | Killed Natasha
  3043 | D:4      | HP: 1/39 [wight/+3 scimitar of freezing (4)]
  3045 | D:4      | Mangled by a wight

Illustrated notes

Levels and vault maps discovered:
D:1:      dpeg_arrival_three_bigger_balls, layout_basic, hangedman_decor_points
D:2:      layout_loops_ring, kennysheep_generic_room_10,
          uniq_crazy_yiuf_cottage, uniq_natasha, uniq_sigmund
D:3:      layout_basic, grunt_temple_overflow_open, minivault_24
D:4:      layout_cave_pools, temple_fountains, serial_shops, kennysheep_mini,
          uniq_robin

Skill      XL: |  1  2  3  4  5  6 |
---------------+-------------------+-----
Invocations    | 1 2 |  2.4
Fighting       | 1 2 |  2.1
Short Blades   | 1 2 |  2.1
Long Blades    | 1 2 |  2.1
Axes           | 1 2 |  2.1
Maces & Flails | 1 2 |  2.1
Polearms       | 1 2 |  2.1
Staves         | 1 2 |  2.1
Armour         | 1 2 |  2.1
Dodging        | 1 2 |  2.1
Stealth        | 1 2 |  2.1
Shields        | 1 2 |  2.1
Unarmed Combat | 1 2 |  2.1
Spellcasting   | 3 |  3.5
Conjurations   | 1 |  1.7
Hexes          | 1 |  1.7
Necromancy     | 1 |  1.7
Translocations | 1 |  1.7
Transmutations | 1 |  1.7
Fire Magic     | 1 |  1.7
Ice Magic      | 1 |  1.7
Air Magic      | 1 |  1.7
Earth Magic    | 1 |  1.7
Poison Magic   | 1 |  1.7
Throwing       | 3 |  3.4
Ranged Weapons | 5 |  5.1
Evocations     | 5 |  5.1
Summonings     | |  7.3

Action                   |  1- 3 |  4- 6 || total
-------------------------+-------+-------++-------
Melee: Mace              |     8 |    12 ||    20
       Punch             |     1 |       ||     1
       Bite              |       |     1 ||     1
 Fire: Sling             |   109 |   134 ||   243
 Cast: Summon Small Mamm |     4 |    16 ||    20
       Summon Guardian G |     1 |     5 ||     6
Armor: Robe              |    12 |    23 ||    35
Dodge: Dodged            |    28 |    69 ||    97

Table legend: (Time is in decaauts)
 A = Elapsed time spent in this place.
 B = Non-inter-level travel time spent in this place.
 C = Inter-level travel time spent in this place.
 D = Time resting spent in this place.
 E = Time spent auto-exploring this place.
 F = Levels seen in this place.
 G = Mean time per level.
                   A        B        C        D        E       F      G
               +--------+--------+--------+--------+--------+-----+--------+
         Total |   3089 |   2982 |    107 |    163 |   2218 |   4 |  772.2 |
       Dungeon |   3089 |   2982 |    107 |    163 |   2218 |   4 |  772.2 |
               +--------+--------+--------+--------+--------+-----+--------+

Top non-repeatable levels by time:
     D:2: 1184 daAuts
     D:3: 1084 daAuts
     D:1: 769 daAuts
     D:4: 51 daAuts
